 Dungeon Crawl Stone Soup version 0.24-a0-443-g80245de385 (webtiles) character file.

Game seed: 9585026480069715540

917 HAL9000 the Insei (level 7, -3/52 HPs)
             Began as a Red Draconian Transmuter on June 21, 2019.
             Shot with an arrow by a centaur (9 damage)
             ... on level 5 of the Dungeon.
             The game lasted 00:11:33 (6197 turns).

HAL9000 the Insei (Red Draconian Transmuter)        Turns: 6197, Time: 00:11:34

Health: -3/52      AC:  6    Str: 12    XL:     7   Next: 83%
Magic:  8/10       EV: 12    Int: 18    God:
Gold:   328        SH:  5    Dex: 12    Spells: 4/10 levels left

rFire    + . .     SeeInvis .     - Unarmed
rCold    . . .     Gourm    .   (no shield)
rNeg     . . .     Faith    .   (armour unavailable)
rPois    .         Spirit   .   (helmet restricted)
rElec    .         Reflect  +   (no cloak)
rCorr    .         Harm     .   (no gloves)
MR       .....                  (no boots)
Stlth    +.........             l - +5 amulet of reflection
HPRegen  0.17/turn              h - +3 ring of intelligence
MPRegen  0.12/turn              (no ring)

@: no status effects
A: breathe fire, unfitting armour, fire resistance 1, cold-blooded, AC +6
a: Breathe Fire


You were on level 5 of the Dungeon.
You were not hungry.

You visited 1 branch of the dungeon, and saw 5 of its levels.

You collected 328 gold pieces.

Inventory:

Hand Weapons
 o - a +3 rapier of flaming
Missiles
 a - 116 arrows
 s - 3 javelins (quivered)
Jewellery
 h - a +3 ring of intelligence (left hand)
 l - a +5 amulet of reflection (around neck)
Scrolls
 e - 2 scrolls of teleportation
 f - 2 scrolls of enchant weapon
 j - a scroll of enchant armour
 k - 3 scrolls of blinking
 n - a scroll of remove curse
 t - a scroll of immolation
Potions
 d - 3 potions of haste
 g - 2 potions of curing
 i - a potion of resistance
Comestibles
 b - 3 chunks of flesh
 c - 11 rations


   Skills:
 - Level 1.1 Fighting
 - Level 1.7 Dodging
 - Level 7.3 Unarmed Combat
 - Level 2.0 Spellcasting
 + Level 6.2 Transmutations


You had 4 spell levels left.
You knew the following spells:

 Your Spells              Type           Power        Failure   Level  Hunger
a - Beastly Appendage     Tmut           ###...       1%          1    #......
b - Sticks to Snakes      Tmut           ###.....     1%          2    ###....
c - Spider Form           Tmut/Pois      ##........   16%         3    ###....

Your spell library contained the following spells:

 Spells                   Type           Power        Failure   Level  Hunger
 Corona                   Hex            #......      19%         1    #......
 Slow                     Hex            #.......     26%         2    ###....
 Ice Form                 Ice/Tmut       ##......     45%         4    #####..
 Inner Flame              Hex/Fire       #.......     47%         3    ###....
 Portal Projectile        Hex/Tloc       #.....       47%         3    ###....
 Cause Fear               Hex            #.........   87%         4    #####..
 Leda's Liquefaction      Hex/Erth       #.........   87%         4    #####..
 Blade Hands              Tmut           ###.......   36%         5    ######.


Dungeon Overview and Level Annotations

Branches:
Dungeon (5/15)
 Temple: D:4-7

Altars:
Fedhas
Nemelex Xobeh
Uskayaw

Annotations:
D:5 1 runed translucent door, Lexodia's ghost, novice GnTm


Innate Abilities, Weirdness & Mutations

You can breathe blasts of fire.
Your fiery red scales are hard. (AC +6)
You cannot fit into any form of body armour.
Your flesh is heat resistant. (rF+)
You are cold-blooded and may be slowed by cold attacks.


Message History

You are too injured to fight recklessly!
Unknown command.
The centaur shoots an arrow.
The arrow closely misses you.
You see here 3 arrows.
The centaur shoots an arrow.
The arrow hits you!
* * * LOW HITPOINT WARNING * * *
The arrow burns you.
* * * LOW HITPOINT WARNING * * *
You see here an arrow.
The centaur shoots an arrow.
The arrow hits you.
* * * LOW HITPOINT WARNING * * *
You see here an arrow.
Unknown command.
Casting: Spider Form (safe; 16% risk of failure)
Confirm with . or Enter, or press ? or * to list all spells.
You create a snake!
You now have 116 arrows.
The centaur shoots an arrow.
You reflect the arrow off an invisible shield around you!
The arrow barely misses the centaur.
The centaur shoots an arrow.
The arrow hits you!
You die...

##.# *,,......................
#..# *,,............##.#.....†
#.## *,,............##.#####.>
#.# *,,,,,,,*#c.......# #.. #.#
*********#(.......# #.. #)#
#..##.##.# #.. #.#######*
#.c(.†...# ##.
#<.......########(....##.######.
########.....S.@(.....##.#......
*##########.......#.##.#.
######....##..# #.........
#....##.#. ##.#.##.#. #.#......
#..#####. ##.# #.


You could see a centaur and a friendly ball python.

Vanquished Creatures
  2 phantoms
  An ogre (D:5)
  A scorpion (D:4)
  A howler monkey (D:4)
  A quasit (D:5)
  2 orc priests
  5 worker ants
  2 orc wizards
  8 gnolls (D:4)
  7 adders
  3 oozes
  An adder skeleton (D:5)
  4 worms
  2 dart slugs
  6 leopard geckos
  19 orcs
  4 giant cockroaches
  16 hobgoblins
  5 jackals
  17 kobolds
  2 quokkas
  2 ball pythons
  6 bats
  8 frilled lizards
  18 goblins
  A jackal skeleton (D:4)
  11 rats
155 creatures vanquished.

Notes
Turn   | Place    | Note
-------+----------+-------------------------------------------
     0 | D:1      | HAL9000 the Draconian Transmuter began the quest for the
                  | Orb.
     0 | D:1      | Reached XP level 1. HP: 16/16 MP: 3/3
   477 | D:1      | Reached XP level 2. HP: 18/23 MP: 3/5
   578 | D:1      | Reached skill level 4 in Unarmed Combat
  1225 | D:1      | Reached XP level 3. HP: 28/28 MP: 4/6
  1541 | D:2      | Learned a level 2 spell: Sticks to Snakes
  1545 | D:2      | Learned a level 3 spell: Spider Form
  1715 | D:2      | Reached XP level 4. HP: 31/35 MP: 5/7
  1738 | D:2      | Reached skill level 5 in Unarmed Combat
  2335 | D:3      | Found a hide-covered altar of Uskayaw.
  2470 | D:3      | Reached XP level 5. HP: 32/40 MP: 4/8
  2507 | D:3      | HP: 2/40 [poisoned by a kobold]
  2515 | D:3      | HP: 1/40 [poisoned by a kobold]
  3093 | D:3      | Reached skill level 6 in Unarmed Combat
  3573 | D:3      | Found a sparkling altar of Nemelex Xobeh.
  3619 | D:4      | Noticed a phantom
  3653 | D:3      | Killed a phantom
  3729 | D:4      | Reached XP level 6. HP: 39/47 MP: 7/9
  3802 | D:4      | Reached skill level 7 in Unarmed Combat
  4672 | D:4      | Your scales start taking on a fiery red colour.
  4672 | D:4      | Reached XP level 7. HP: 40/52 MP: 10/10
  4672 | D:4      | Gained mutation: Your flesh is heat resistant. (rF+) [Red
                  | Draconian growth]
  5073 | D:5      | Entered Level 5 of the Dungeon
  5098 | D:5      | Found a blossoming altar of Fedhas.
  5813 | D:5      | Reached skill level 5 in Transmutations
  6026 | D:5      | Found a runed translucent door.
  6026 | D:5      | Noticed Lexodia's ghost (novice GnTm)
  6197 | D:5      | Shot with an arrow by a centaur

Levels and vault maps discovered:
D:1:      psy_arrival_spokes, layout_loops_ring, chequers_serial_rivers_room_b
D:2:      minmay_inner_zag, layout_basic
D:3:      minmay_general_purpose_star, layout_basic,
          nicolae_overflow_crystal_walls, first_ration,
          nemelex_dance_club_becter
D:4:      corexii_shantytown, layout_basic
D:5:      layout_loops_cross, grunt_dithmenos_smoke_and_mirrors, basic_altar,
          gammafunk_ghost_grave

Skill      XL: |  1  2  3  4  5  6  7 |
---------------+----------------------+-----
Unarmed Combat | 4 5 6 7 |  7.3
Transmutations | 3 6 |  6.2
Fighting       | |  1.1
Dodging        | |  1.7
Spellcasting   | |  2.0

Action                   |  1- 3 |  4- 6 |  7- 9 || total
-------------------------+-------+-------+-------++-------
Melee: Unarmed           |   120 |   264 |    83 ||   467
       Kick              |    10 |     9 |       ||    19
       Tailslap          |    10 |    22 |     4 ||    36
       Headbutt          |     6 |     2 |       ||     8
       Punch             |       |     9 |       ||     9
 Cast: Beastly Appendage |    19 |    16 |     1 ||    36
       Sticks to Snakes  |     1 |     6 |     6 ||    13
       Spider Form       |       |     7 |     6 ||    13
 Abil: Breathe Fire      |       |       |     5 ||     5
  Use: Scroll            |       |       |    14 ||    14
 Stab: Sleeping          |     2 |     3 |       ||     5
       Distracted        |       |       |     1 ||     1
  Eat: Chunk             |     3 |    12 |     3 ||    18
       Ration            |       |       |     1 ||     1
Armor: Skin              |    51 |    38 |    14 ||   103
Dodge: Dodged            |    74 |   135 |    57 ||   266
Block: Other             |       |       |     2 ||     2
       Reflection        |       |       |     1 ||     1

Table legend:
 A = Non-vault XP
 B = Vault XP
 C = Vault XP percentage of total XP
 D = Non-vault monster count
 E = Vault monster count
 F = Vault count percentage of total count
                 A         B        C        D         E       F
            +---------+---------+-------+---------+---------+-------
      Total |    1108 |     203 |  15.5 |     108 |      47 |  30.3
            +---------+---------+-------+---------+---------+-------
        D:1 |      43 |       0 |   0.0 |      27 |       0 |   0.0
        D:2 |      66 |      10 |  13.2 |      20 |       5 |  20.0
        D:3 |     234 |      25 |   9.7 |      26 |       8 |  23.5
        D:4 |     246 |     168 |  40.6 |      17 |      34 |  66.7
        D:5 |     519 |       0 |   0.0 |      18 |       0 |   0.0
            +---------+---------+-------+---------+---------+-------
